Cogmind - Beta 16 @@@ ROGUE MODE // 2025.11.02 @ 20:01:43 Player: Bish Result: Destroyed by DL-NNL(R) with Subdweller Machine Gun Performance ------------- Evolutions (0) 0 Regions Visited (2) 400 Robots Destroyed (14) 70 Value Destroyed (419) 419 Prototype IDs (1) 20 Alien Tech Used (0) 0 Bonus (0) 0 TOTAL SCORE: 909 Bonus ------- None Cogmind --------- Core Integrity 0/250 Matter 280/300 Energy 98/200 System Corruption 0% Temperature Cool (0) Movement Rolling (110) Location -10/Subcaves Parts ------- > --- POWER (1+1) ------ Subdweller Power Source > --- PROPULSION (2) --- Subdweller Monowheel Subdweller Monowheel > --- UTILITY (2) ------ Large Storage Unit Targeting Computer > --- WEAPON (2) ------- Powered Cannon > --- INVENTORY (15) --- Subdweller Power Source Wheel Subdweller Monowheel Subdweller Monowheel Disposable Heat Sink Large Matter Pod (0) Machine Analyzer Subdweller Optics Sensor Array Signal Interpreter Subdweller Laser Subdweller Beam Cannon Shotgun Subdweller Machine Gun Mining Laser Peak State ------------ > --- POWER ------------ Subdweller Power Source > --- PROPULSION ------- Subdweller Monowheel Subdweller Monowheel > --- UTILITY ---------- Large Storage Unit Targeting Computer > --- WEAPON ----------- Powered Cannon > --- INVENTORY -------- Subdweller Power Source Aluminum Leg Compact Wheel Subdweller Monowheel Large Matter Pod Subdweller Optics Sensor Array Signal Interpreter Subdweller Laser Beam Cannon Subdweller Beam Cannon Assault Rifle Shotgun Subdweller Machine Gun Mining Laser [Rating: 24] Favorites ----------- Power Ion Engine Engine Ion Engine Propulsion Light Treads Treads Light Treads Leg Aluminum Leg Wheel Subdweller Monowheel Utility Large Storage Unit Storage Large Storage Unit Processor Targeting Computer Weapon Light Cannon Energy Gun Small Laser Energy Cannon Beam Cannon Ballistic Gun Assault Rifle Ballistic Cannon Light Cannon Special Weapon Mining Laser Build | -11 -10 -10 ------- Run | Yrd Mat Sub Slots Evolved . | . . . Power . | . . . Propulsion . | . . . Utility . | . . . Weapon . | . . . Parts Attached 20 | 1 9 10 Power 1 | . . 1 Engine 1 | . . 1 Core . | . . . Reactor . | . . . Propulsion 8 | . 2 6 Treads 2 | . 2 . Leg 2 | . . 2 Wheel 4 | . . 4 Hover . | . . . Flight . | . . . Utility 2 | . 2 . Device . | . . . Storage 1 | . 1 . Processor 1 | . 1 . Hackware . | . . . Protection . | . . . Artifact . | . . . Weapon 9 | 1 5 3 Energy Gun . | . . . Energy Cannon 2 | . 1 1 Ballistic Gun 3 | 1 . 2 Ballistic Cannon 3 | . 3 . Launcher . | . . . Special Weapon 1 | . 1 . Impact Weapon . | . . . Slashing Weapon . | . . . Piercing Weapon . | . . . Special Melee Weapon . | . . . Unidentified Prototypes 1 | . . 1 Parts Lost 6 | . . 6 Power 1 | . . 1 Propulsion 3 | . . 3 Utility . | . . . Weapon 2 | . . 2 Highest Loss Streak 6 | . . 6 To Critical Strikes 1 | . . 1 Average Backups 13 | 6 13 14 Power 1 | 1 1 1 Propulsion 3 | 4 3 2 Utility 2 | . 1 4 Weapon 6 | 1 6 7 Tool/Special . | . . . Unused Backups 24 | . 6 18 Power 5 | . 2 3 Propulsion 4 | . 1 3 Utility 7 | . 1 6 Weapon 8 | . 2 6 Tool/Special . | . . . Average Slot Usage (%) 91 | . 95 79 Engine 13 | . 14 10 Treads 21 | . 26 5 Leg 1 | . 1 2 Wheel 3 | . . 15 Storage 13 | . 14 12 Processor 10 | . 10 12 Energy Cannon 10 | . 9 11 Ballistic Cannon 9 | . 11 4 Special Weapon 3 | . 5 . Peak Build Rating 24 | 6 8 24 Average Rating 10 | 6 7 17 On Entrance 6 | 6 6 8 Avg Prop Armor Cover (%) 10 | . . 10 Naked Turns . | . . . Heaviest Build 34 | 13 31 34 Greatest Support 40 | 20 40 40 Greatest Overweight (x) 2 | . . 2 Average Overweight (x) . | . . . Largest Inventory Capacity 15 | 8 15 15 Average Capacity 14 | 8 14 15 Most Carried 15 | 6 15 15 Average Carried 13 | 6 13 14 Final Capacity 15 | 8 15 15 Final Carried 15 | 6 15 15 Class Distribution -------------------- 100% | Mutant Dominant Class ---------------- Mutant | -10/Materials Mutant | -10/Subcaves Resources | -11 -10 -10 ----------- Run | Yrd Mat Sub Matter Collected 623 | 198 99 326 Remotely . | . . . Salvage Created 401 | . 128 273 Parts 37 | . 7 30 Haulers Intercepted 1 | . 1 . Recyclers Shooed 1 | . 1 . Parts Field Recycled . | . . . Retrieved Matter . | . . . Parts Self-Destructed 8 | . . 8 Prevented . | . . . Parts Restored . | . . . Kills | -11 -10 -10 ------- Run | Yrd Mat Sub Combat Hostiles Destroyed 12 | . 5 7 Guns 1 | . . 1 Cannons 11 | . 5 6 Classes Destroyed 5 | . 4 1 Hauler 1 | . 1 . Watcher 1 | . 1 . Swarmer 3 | . 3 . Grunt 2 | . 2 . Subdweller 7 | . . 7 Best Kill Streak 3 | . 3 2 Combat Bots Only 3 | . 3 2 Max Kills in Single Turn 1 | . 1 1 Gunslinging . | . . . Exploded . | . . . Melee . | . . . Uniques/NPCs Destroyed . | . . . Combat | -11 -10 -10 -------- Run | Yrd Mat Sub Hostile Shots Fired 107 | . 44 63 Missed 28 | . 13 15 Hits 79 | . 31 48 Projectile 79 | . 31 48 Critical Strikes 5 | . 1 4 Damage Taken 1259 | . 263 996 Core 251 | . 59 192 Absorbed by Shields . | . . . Core Remaining (%) 100 | 100 . . Volleys Fired 99 | . 62 37 Largest 2 | . 2 2 Hottest 120 | . 100 120 Shots Fired 142 | . 84 58 Gun 3 | . 2 1 Cannon 100 | . 43 57 Launcher . | . . . Special 39 | . 39 . Kinetic 64 | . 42 22 Thermal 78 | . 42 36 Explosive . | . . . Electromagnetic . | . . . Robot Hit Streak 20 | . 7 20 Robot Miss Streak 2 | . 2 1 Penetration Max . | . . . Secondary Targets . | . . . Shots Hit Robots 76 | . 27 49 Core Hits 19 | . 9 10 Critical Kills . | . . . Critical Parts Destroyed . | . . . Critical Strikes . | . . . Melee Attacks . | . . . Impact . | . . . Slashing . | . . . Piercing . | . . . Sneak Attacks . | . . . Combat Hostiles . | . . . Follow-up Attacks . | . . . Damage Inflicted 1382 | . 508 874 Guns 22 | . 10 12 Cannons 1346 | . 484 862 Explosions . | . . . Melee . | . . . Ramming 14 | . 14 . Kinetic 664 | . 484 180 Thermal 704 | . 10 694 Explosive . | . . . Electromagnetic . | . . . Impact . | . . . Slashing . | . . . Piercing . | . . . Highest Corruption . | . . . Average Corruption . | . . . Corruption Purged . | . . . Corruption Blocked . | . . . Overload Shots 1 | . . 1 Overflow Damage 15 | . 15 . Projectiles 15 | . 15 . Explosions . | . . . Melee . | . . . Knockbacks 7 | . 4 3 Impact . | . . . Kinetic 7 | . 4 3 Secondary . | . . . Self-Inflicted Damage . | . . . Shots . | . . . Rammed 4 | . 4 . Targets Rammed 4 | . 4 . Kicked . | . . . Crushed . | . . . Highest Temperature 124 | . 124 80 Average Temperature 40 | . 40 53 Received Heat Transfer 171 | . 39 132 Siege Activations . | . . . Martial Activations . | . . . Shielding Activations . | . . . Robots Disrupted . | . . . Combat Hostiles . | . . . Robots Corrupted . | . . . Combat Hostiles . | . . . Parts Fried . | . . . Impact Corruptions . | . . . Robots Melted . | . . . Combat Hostiles . | . . . Parts Melted 1 | . . 1 Heat Transferred 358 | . 25 333 Parts Sabotaged . | . . . Parts Stolen . | . . . Parts Stripped . | . . . Power Chain Reactions . | . . . Alert | -11 -10 -10 ------- Run | Yrd Mat Sub Maximum Alert Level . | . . . Low Security (%) 100 | 100 100 . Level 1 . | . . . Level 2 . | . . . Level 3 . | . . . Level 4 . | . . . Level 5 . | . . . High Security . | . . . Max Security . | . . . Peak Influence 60 | . 60 . Initial . | . . . Average 6 | . 6 . Influence Increases 177 | . 177 . Destroy 0b10 Robot/C 100 | . 100 . Destroy 0b10 Robot/NC 10 | . 10 . Destroy Leader 24 | . 24 . Successful Hack 19 | . 19 . Disable Machine 15 | . 15 . Destroy Structure 9 | . 9 . Influence Decreases 177 | . 177 . Time Decay 177 | . 177 . Squads Dispatched 1 | . 1 . Investigation . | . . . Extermination . | . . . Reinforcement 1 | . 1 . Assault . | . . . Garrison . | . . . Intercept . | . . . Searches Triggered . | . . . Construction Impeded . | . . . Haulers Reinforced . | . . . Active Scanning Responses . | . . . Cargo Convoy Interrupts . | . . . Stealth | -11 -10 -10 --------- Run | Yrd Mat Sub Distress Signals . | . . . Communications Jammed . | . . . Distress Signals . | . . . Times Spotted 17 | . 9 8 Peak Tracking Total 4 | . 4 3 Tactical Retreats . | . . . Traps | -11 -10 -10 ------- Run | Yrd Mat Sub Traps Triggered . | . . . Indirectly . | . . . Trap Hack Attempts . | . . . Triggered . | . . . Disarmed . | . . . Reprogrammed . | . . . Reused . | . . . Traps Extracted . | . . . Installed . | . . . Triggered . | . . . Machines | -11 -10 -10 ---------- Run | Yrd Mat Sub Machines Disabled 1 | . 1 . Max in Single Turn 1 | . 1 . Machines Repaired . | . . . Machines Dismantled . | . . . Machines Sabotaged . | . . . Overloaded Fab Kills . | . . . Hacking | -11 -10 -10 --------- Run | Yrd Mat Sub Machines Accessed 2 | . 2 . Terminals 2 | . 2 . Fabricators . | . . . Repair Stations . | . . . Recycling Units . | . . . Scanalyzers . | . . . Garrison Access . | . . . Total Hacks 11 | . 11 . Successful 4 | . 4 . Failed 7 | . 7 . Catastrophic 2 | . 2 . Database Lockouts . | . . . Manual 9 | . 9 . Terminals 11 | . 11 . Fabricators . | . . . Repair Stations . | . . . Recycling Units . | . . . Scanalyzers . | . . . Garrison Access . | . . . Terminal Hacks 3 | . 3 . Part Schematic 1 | . 1 . Branch Access Points 1 | . 1 . Registered Components 1 | . 1 . Fabricator Hacks . | . . . Repair Station Hacks . | . . . Recycling Unit Hacks . | . . . Scanalyzer . | . . . Garrison Access Hacks . | . . . Unauthorized Hacks 1 | . 1 . Terminals 1 | . 1 . Assimilate 1 | . 1 . Fabricators . | . . . Repair Stations . | . . . Recycling Units . | . . . Scanalyzers . | . . . Garrison Access . | . . . Data Cores Recovered . | . . . Used . | . . . Hacking Detections 2 | . 2 . Full Trace Events . | . . . Feedback Events . | . . . Feedback Blocked . | . . . Robot Schematics Acquired . | . . . Robots Built . | . . . Authchips . | . . . Time . | . . . Total Robot Build Rating . | . . . Part Schematics Acquired 1 | . 1 . Parts Built . | . . . Authchips . | . . . Time . | . . . Total Part Build Rating . | . . . Part Studies Acquired . | . . . Parts Repaired . | . . . Time . | . . . Parts Recycled . | . . . Recycled Matter . | . . . Retrieved Matter . | . . . Retrieved Components . | . . . Parts Scanalyzed . | . . . Part Schematics Acquired . | . . . Parts Damaged . | . . . Bothacking | -11 -10 -10 ------------ Run | Yrd Mat Sub Used RIF Installer . | . . . Robots Hacked . | . . . Non-combat . | . . . Combat . | . . . Robot Hacks Applied . | . . . Relay Couplers Released . | . . . Fabnet Peak Effective % . | . . . Robots Rewired . | . . . Allies Hacked . | . . . Hacks Repelled . | . . . Allies | -11 -10 -10 -------- Run | Yrd Mat Sub Total Allies 1 | . 1 . Largest Group 1 | . 1 . Highest-Rated Group 10 | . 10 . Highest-Rated Ally 10 | . 10 . Total Orders . | . . . Ally Attacks . | . . . Total Damage . | . . . Kills . | . . . Allies Corrupted . | . . . Allies Melted . | . . . Intel | -11 -10 -10 ------- Run | Yrd Mat Sub Active Infowar (turns) . | . . . Robot Analysis Total . | . . . Derelict Logs Recovered 1 | . . 1 Drone Launches . | . . . Drone Recoveries . | . . . Exploration | -11 -10 -10 ------------- Run | Yrd Mat Sub Turns Passed 1557 | 2 1180 375 Spaces Moved 652 | 1 463 188 Core . | . . . Treads 444 | . 422 22 Legs 50 | 1 41 8 Wheels 158 | . . 158 Hover . | . . . Flight . | . . . Fastest Speed 105 | 120 120 105 Average Speed 146 | 120 156 120 Slowest Speed 260 | 120 160 260 Overloaded Moves . | . . . Propulsion Burnouts . | . . . Robots Hopped . | . . . Potential Cave-ins 9 | . 9 . Cave-ins Triggered . | . . . Exploration Rate (%) 24 | 2 54 17 Regions Visited 2 Branch Regions 1 Pre-discovered Areas . | . . . Known Exits Taken . | . . . Unknown Exits Taken 2 | 1 1 . Scrap Searched . | . . . Spaces Dug 25 | . 25 . Terrain Destroyed 27 | . 26 1 Melee . | . . . Projectile 27 | . 26 1 AOE . | . . . Terrain Rammed . | . . . Walls Destroyed . | . . . Machines Disabled . | . . . Actions | -11 -10 -10 --------- Run | Yrd Mat Sub Total 1039 | 1 752 286 Wait 218 | . 193 25 Move 650 | . 462 188 Hop . | . . . Pick Up 24 | . 13 11 Fast Attach 7 | . 3 4 Attach 5 | . . 5 Detach 5 | . 1 4 Swap 11 | 1 8 2 Drop 16 | . 6 10 Fire 99 | . 62 37 Melee . | . . . Ram . | . . . Kick . | . . . Crush 4 | . 4 . Escape Stasis . | . . . Rewire . | . . . Trap . | . . . Miscellaneous . | . . . Route ------- -11/Scrapyard -10/Materials (discovered 4 exits: [*Mat x2] / *Min / [*Sub]) -10/Subcaves History --------- Turn | Location | Event 3 | -11/Scrapyard | Discovered new exit (range 0) 3 | -11/Scrapyard | Entered Materials 293 | -10/Materials | Discovered new exit (range 6) 310 | -10/Materials | Build established: Mutant 372 | -10/Materials | Identified exit to Mines 1032 | -10/Materials | Discovered new exit (range 10) 1122 | -10/Materials | Discovered new exit (range 6) 1183 | -10/Materials | Entered Subcaves 1184 | -10/Subcaves | Approached by a straggling Scientist 1219 | -10/Subcaves | A Subdweller sparked back to life 1219 | -10/Subcaves | A Subdweller sparked back to life 1219 | -10/Subcaves | A Subdweller sparked back to life 1245 | -10/Subcaves | Core integrity fell below 50% 1261 | -10/Subcaves | Core integrity fell below 20% 1315 | -10/Subcaves | Lost 6 parts (1p3n2w) 1315 | -10/Subcaves | Found Prototype Energy Cannon 1315 | -10/Subcaves | Identified Powered Cannon 1316 | -10/Subcaves | Attached Powered Cannon, gained temporary slot: Power 1406 | -10/Subcaves | Learned location of 1 exit from Materials 1558 | -10/Subcaves | Destroyed by DL-NNL(R) with Subdweller Machine Gun Last Messages --------------- 01456_ Dropped Aluminum Leg. 01459_ Acquired Sub. Monowheel. 01465_ Subatomizers dissect the Sub. Optics. 01470_ RB-PHF(R) destroyed. 01473_ Acquired 38 matter. 01474_ Dropped Com. Wheel. 01477_ Acquired Sub. Monowheel. 01478_ Subatomizers dissect the Sub. Optics. 01486_ BJ-RU0(c) destroyed. 01488_ Subatomizers dissect the Sub. Optics. 01500_ 6P-HBH(R) affixes Scrap Shield Fragment to Scrap Shield. 01502_ Subatomizers dissect the Sub. Optics. 01514_ 6P-HBH(R) destroyed. 01516_ Acquired 32 matter. 01518_ Dropped Assault Rifle. 01520_ Acquired Machine Analyzer. 01521_ Acquired 24 matter. 01522_ Dropped Beam Cannon. 01524_ Acquired Wheel. Map ----- +----------------------------------------------------+ | ?????????????????????????????????????????????????? | | ?????????????????????????????????????????????????? | | ?????????????????????????????????????????????????? | | ?????????????????????????????????????????????????? | | ?????????????????????????????????????????????????? | | ?????????????????????????????????????????????????? | | ?????????????????????????????????????????????????? | | ?????????????????????????????????????????????????? | | ?????????????????????????????????????????????????? | | ?????????????????????????????????????????????????? | | ?????????????????????????????????????????????????? | | ?????????????????????????????????????????????????? | | ?????????????????????????????????????????????????? | | ??????????????????????###???##???????????????????? | | ?????????????? ##???## #?# ###?????????????????? | | ?????????????? #### ## ?????????????????? | | ?????????????# ??????#???????????? | | ??????????????#R ?????? ???????????? | | ???????????????# ??????? ???????????? | | ???????????????# #??????? ####???????? | | ????????????????? ###????? ???????## | | ??????????????????# #?????# ??????? | | ??????????????????# ##???## ???????? | | ??????????????????# #???# #???????? | | ???????????????????# #???# #####???? | | ????????????????????# @ #????# % ##???# | | ????????????????????# ## ###### ##?## | | ???????????????????????# ### | | ??????????????????????# #### ## | | ??????????????????????# #??### ###### | | ?????????????????????# #????## ##????# ] | | ????????????????????# ?????## ##?????#*&& | | ????????????????????# ??????#####????###![! | | ????????????????????#### ???????????????# &" ## | | ???????????????????????## ???????????????# ""##? | | ?????????????????????????##???????????????######?? | | ?????????????????????????????????????????????????? | | ???????????????????????????????????????????????### | | ??????????????????????????????????????????????## | | ?????????????????????????????????????????????##" | | ?????????????????????????????????????????????# """ | | ?????????????????????????????????????????????#""" | | ?????????????????????????????????????????????## | | ??????????????????????????????????????????????## | | ??????????????????????????????????????????????## " | | ??????????????????????????????????????????????# "" | | ??????????????????????????????????????????????# "" | | ??????????????????????????????????????????????# "" | | ??????????????????????????????????????????????# "" | | ??????????????????????????????????????????????# " | +----------------------------------------------------+ Best States ------------- Heat Dissipation 25 Energy Generation 15 Energy Capacity 250 Matter Stores 288 Matter Capacity 300 Sight Range 16 Terrain Scan Density 10 Evasion (%) 55 Targeting Accuracy 5 Recoil Reduction 2 Item Schematics ----------------- Hcp. Storage Unit | -10/Materials | Hacked Robot Schematics ------------------ None Fabricated ------------ Nothing Repaired ---------- Nothing Studied --------- None Alien Tech Used ----------------- None Achievements -------------- None Challenges ------------ None Game ------ Seed ModifiedHeatShotgun Manual? 0 Play Time 00:17:32 Cumulative 70.4 hours Start 2025.11.02 @ 19:45:20 End 2025.11.02 @ 20:01:43 Sessions 1 Manual Loads 0 Difficulty Rogue Special Mode None Game No. 41 Rogue 41 Adventurer 0 Explorer 0 Win Type - Total 2 Types 2/0/0/0/0/0/0/0/0/0 Lore% 30 Gallery% 47 Achievement% 31 Wizard Run 0 Options --------- Layout 1 ASCII 0 Keyboard 0 Movement Mouse Keybinds 0 Fullscreen 1 Font 24/Smallcaps Map View 50x35 Zoom Use 0% Tactical HUD 1 Map Filters NONE Filters NONE Steam 1 RUN: a9e141e8-d56e-4614-8903-7925a509820e